 Dungeon Crawl Stone Soup version 0.29.0-4-gdea44cf6ec (webtiles) character file.

Game seed: 15952234251428717154

338 Setbun the Magician (level 6, -2/40 HPs)
             Began as a Djinni Ice Elementalist on Aug 27, 2022.
             Slain by a wight
             ... wielding a +0 great sword
              (4 damage)
             ... on level 4 of the Dungeon.
             The game lasted 00:03:45 (4771 turns).

Setbun the Magician (Djinni Ice Elementalist)       Turns: 4771, Time: 00:03:46

Health: -2/40      AC:  2    Str:  7    XL:     6   Next: 85%
Gold:   163        EV: 12    Int: 30    God:
                   SH:  0    Dex: 14

rFire   + + .      SeeInvis .   (no weapon)
rCold   x . .      Faith    .   (no shield)
rNeg    . . .      Spirit   .   a - +0 robe
rPois   ∞          Reflect  .   (no helmet)
rElec   .          Harm     .   (no cloak)
rCorr   .          Rampage  .   (no gloves)
Will    .....                   (boots unavailable)
Stlth   ++........              (no amulet)
HPRegen 0.13/turn               f - +6 ring of intelligence
MPRegen 0.00/turn               g - +6 ring of intelligence

@: wereblooded, flying
A: sickness immunity, fire resistance 2, cold vulnerability 1, float, innate
caster, HP casting, extra vitality 1
a: no special abilities


You were on level 4 of the Dungeon.
You visited 1 branch of the dungeon, and saw 4 of its levels.

You collected 163 gold pieces.

Inventory:

Armour
 a - a +0 robe (worn)
Jewellery
 e - an amulet of faith
 f - a +6 ring of intelligence (left hand)
 g - a +6 ring of intelligence (right hand)
 r - a ring of see invisible
Wands
 l - a wand of quicksilver (2)
Scrolls
 b - 4 scrolls of amnesia {unknown}
 c - 2 scrolls of enchant weapon {unknown}
 d - 4 scrolls of identify {unknown}
 h - a scroll of vulnerability {unknown}
 m - a scroll of silence {unknown}
 n - a scroll of teleportation {unknown}
 o - a scroll of butterflies {unknown}
Potions
 i - a potion of might {unknown}
 j - a potion of degeneration {unknown}
 k - a potion of experience {unknown}
 p - a potion of heal wounds {unknown}
 q - 2 potions of resistance {unknown}
 s - 2 potions of lignification {unknown}
 t - a potion of flight {unknown}


   Skills:
 - Level 2.3 Dodging
 - Level 1.9 Stealth
 * Level 5.8 Spellcasting


You had 2 spell levels left.
You knew the following spells:

 Your Spells              Type           Power      Damage    Failure   Level
a - Freeze                Ice            100%       1d11      1%          1
b - Frozen Ramparts       Ice            88%        1d14      1%          3
c - Ozocubu's Armour      Ice            44%        N/A       1%          3
d - Hailstorm             Conj/Ice       44%        3d10      4%          4
e - Magic Dart            Conj           100%       1d8       1%          1
f - Wereblood             Tmut           44%        N/A       1%          2
Your spell library was empty.

Dungeon Overview and Level Annotations

Branches:
Dungeon (4/15)
 Temple: D:4-7

Altars:

Shops:
D:3 !


Innate Abilities, Weirdness & Mutations

You are immune to sickness and miasma.
You are immune to poison.
Your flesh is very heat resistant. (rF++)
You are vulnerable to cold. (rC-)
You float through the air rather than walking.
You learn spells naturally, not from books.
Your magical power is your life essence.
You have superior vitality. (+4 MHP)


Message History

Press: ? - help, Q - select action, (/) - cycle Dir - look around, f - activate A cannonade of hail descends around you!
The hail pelts the wight!
The wight partially resists.
You destroy the wight!
* * * LOW HITPOINT WARNING * * *
You howl as the wereblood boils in your veins!
The wight resists.
The wall freezes the wight.
The wight barely misses you.
You don't have enough health to cast this spell.
You are too injured to fight recklessly!
Aiming: Freeze (safe; 1% risk of failure)
Press: ? - help, Q - select action, (/) - cycle Shift-Dir - straight line, f - wight
Aim: a wight, wielding a +0 great sword and wearing a +0 robe (severely damaged)
You freeze the wight but do no damage.
The wight completely resists.
* * * LOW HITPOINT WARNING * * *
A wight comes into view. It is wielding a +4 battleaxe.
The wight resists.
The wall freezes the wight.
The wight barely misses you.
You don't have enough health to cast this spell.
Unknown command.
You don't have enough health to cast this spell.
Okay, then.
Your frozen ramparts will break if you move.
Continue?
The frozen ramparts melt away as you move.
You howl as the wereblood boils in your veins!
You howl as the wereblood boils in your veins!
The wight attacks as you move away! The wight barely misses you.
You howl as the wereblood boils in your veins!
Aiming: Freeze (safe; 1% risk of failure)
Press: ? - help, Q - select action, (/) - cycle Shift-Dir - straight line, f/p - wight
Aim: a wight, wielding a +0 great sword and wearing a +0 robe (severely damaged)
You freeze the wight.
The wight resists.
The wight is almost destroyed.
* * * LOW HITPOINT WARNING * * *
The wight barely misses you. The wight attacks as you move away!
The wight barely misses you. The wight attacks as you move away!
The wight completely misses you.
You howl as the wereblood boils in your veins!
The wight attacks as you move away!
The wight hits you with a +0 great sword.
You die...

##...................#..#.>.
#............############...
#..#.##.....................
#..#<#####################..
#..#........................
#..#########################
#..#.........
#..#.###################
#..#.......@z....z.....#
#............#########.#
##.#########.# #.# ...# #.#
#.# #.... #.# #)# #.### #.#
#.# #. #.# #.# #. #.# .z# #
#.# ..#


You could see 2 wights.

Vanquished Creatures
  2 ogres
  A wight (D:4)
  A hound (D:4)
  2 adders (D:2)
  2 worms
  A dart slug (D:3)
  An orc (D:3)
  11 ball pythons
  10 bats
  3 endoplasms
  3 giant cockroaches
  6 goblins
  7 hobgoblins
  3 jackals (D:1)
  2 quokkas
  3 frilled lizards
  4 kobolds
  2 rats (D:2)
64 creatures vanquished.

Notes
Turn   | Place    | Note
-------+----------+-------------------------------------------
     0 | D:1      | Setbun the Djinni Ice Elementalist began the quest for the
                  | Orb.
     0 | D:1      | Setbun set off with the following spells memorised: Freeze,
                  | Frozen Ramparts, Ozocubu's Armour, Hailstorm.
     0 | D:1      | Reached XP level 1. HP: 15/15 MP: 0/0
   543 | D:1      | Reached XP level 2. HP: 19/21 MP: 0/0
  1545 | D:2      | Reached XP level 3. HP: 21/25 MP: 0/0
  1545 | D:2      | Learned a level 1 spell: Magic Dart
  2433 | D:2      | Reached skill level 4 in Spellcasting
  2650 | D:2      | Reached XP level 4. HP: 29/31 MP: 0/0
  2736 | D:2      | Found a faded altar of an unknown god.
  3045 | D:3      | Found Tophaeky's Distillery.
  3228 | D:3      | Noticed an ogre
  3235 | D:3      | Killed an ogre
  3236 | D:3      | Reached skill level 5 in Spellcasting
  3236 | D:3      | Reached XP level 5. HP: 28/35 MP: 0/0
  3236 | D:3      | Learned a level 2 spell: Wereblood
  4198 | D:4      | Reached XP level 6. HP: 22/40 MP: 0/0
  4370 | D:4      | Noticed an ogre
  4377 | D:4      | Killed an ogre
  4771 | D:4      | Slain by a wight

Illustrated notes

Levels and vault maps discovered:
D:1:      onia_arrival_mini_maze_b, layout_loops_ring
D:2:      minmay_alternating_diamond, layout_loops_corners,
          basic_ecumenical_altar, kennysheep_generic_room_15
D:3:      layout_basic, serial_shops, shop
D:4:      minmay_door_path, layout_basic, minitemple

Skill      XL: |  1  2  3  4 |
---------------+-------------+-----
Spellcasting   | 4 5 |  5.8
Dodging        | |  2.3
Stealth        | |  1.9

Action                   |  1- 3 |  4- 6 || total
-------------------------+-------+-------++-------
Melee: Unarmed           |     7 |       ||     7
 Cast: Freeze            |    28 |     8 ||    36
       Magic Dart        |    33 |    87 ||   120
       Wereblood         |       |     1 ||     1
       Hailstorm         |       |     1 ||     1
       Frozen Ramparts   |       |     1 ||     1
Armor: Robe              |    10 |     2 ||    12
Dodge: Dodged            |    32 |    21 ||    53
